Wild vs BlackHawks

Created - October 20, 2015 at 17:17

Goals
1 2 3 T
Wild 1 1 0 2
BlackHawks 2 1 0 3
Shots
1 2 3 T
Wild 6 11 10 27
BlackHawks 8 12 7 27

1st period

1. Wild , Peter Holland 2 (Jason Pominville, Michael Stone) at 4:58
2. BlackHawks , Marcus Foligno 3 (Ryan OReilly) at 8:45
3. BlackHawks , Alex Galchenyuk 3 (Chris Stewart, Marek Zidlicky) at 18:45

Penalties :
Dion Phaneuf (CHI) for Holding (Minor) at 0:16, Fedor Tyutin (MIN) for Hooking (Minor) at 10:54, Keith Aulie (CHI) for Hooking (Minor) at 16:29

2nd period

4. Wild , Peter Holland 3 (Jason Pominville, Fedor Tyutin) at 0:40
5. BlackHawks , Zack Kassian 1 (Ryan OReilly, Dion Phaneuf) at 10:53 (PP)

Penalties :
Dennis Wideman (MIN) for Cross-checking (Minor) at 5:40, Rene Bourque (MIN) for Roughing (Minor) at 9:41, Michael Stone (MIN) for Goalie Interference (Minor) at 13:56, Zack Kassian (CHI) for Slashing (Minor) at 15:19

3rd period

No Goal

Penalties :
Rene Bourque (MIN) for Roughing (Minor) at 12:02, Robyn Regehr (CHI) for Cross-checking (Minor) at 17:50

Goalie Stats

Ryan Miller (MIN), 24 saves from 27 shots - (0.889), L, 1-2-3, 59:14 minutes
Eddie Lack (CHI), 25 saves from 27 shots - (0.926), W, 3-1-0, 60:00 minutes

Players Stats for Wild

Player Name              G  A  P  +/- PIM S  H  SB GA TA FO     MP     PP MP  PK MP  
------------------------------------------------------------------------------------
Alex Biega               0  0  0   0  0   1  1  0  0  0  0/0     8:41   0:00   4:26 
Barret Jackman           0  0  0  -1  0   0  1  1  0  0  0/0     8:42   0:00   0:39 
Dennis Wideman           0  0  0  -1  2   0  4  2  0  0  0/0    22:25   3:44   0:00 
Dustin Brown             0  0  0   2  0   0  4  0  0  0  1/2    16:53   3:04   0:12 
Erik Cole                0  0  0   0  0   2  2  0  0  0  2/3    21:46   3:04   0:00 
Fedor Tyutin             0  1  1   2  2   1  0  1  0  0  0/0    20:02   3:36   3:19 
Jason Pominville         0  2  2   2  0   3  0  1  0  0  0/1    17:53   4:16   0:00 
Jason Spezza             0  0  0   0  0   1  0  0  0  0  14/27  22:38   4:16   0:12 
Mark Streit              0  0  0  -1  0   2  2  1  0  0  0/0    22:16   3:44   0:00 
Michael Ryder            0  0  0  -2  0   0  0  0  0  0  0/0    13:59   0:00   2:00 
Michael Stone            0  1  1   2  2   0  0  1  0  0  0/0    16:25   0:00   3:18 
Peter Holland            2  0  2   2  0   4  1  0  0  0  12/22  18:55   3:04   1:52 
R.J. Umberger            0  0  0  -2  0   3  1  0  0  0  6/21   17:37   0:00   5:48 
Rene Bourque             0  0  0  -2  4   1  0  0  0  0  0/2    15:07   0:00   3:20 
Scott Hannan             0  0  0  -1  0   1  0  0  0  0  0/0    12:09   0:00   4:06 
Scott Hartnell           0  0  0   0  0   8  2  0  0  0  0/0    23:52   4:16   1:40 
Trevor Smith             0  0  0   0  0   0  0  0  0  0  3/3     2:10   0:00   2:00 
Zach Redmond             0  0  0   0  0   0  0  0  0  0  0/0     9:17   3:36   1:16 

Players Stats for BlackHawks

Player Name              G  A  P  +/- PIM S  H  SB GA TA FO     MP     PP MP  PK MP  
------------------------------------------------------------------------------------
Adam McQuaid             0  0  0   0  0   0  1  3  0  0  0/0    17:04   0:00   4:22 
Alex Galchenyuk          1  0  1   0  0   5  0  0  0  0  0/1    19:02   3:53   0:00 
Brandon Bollig           0  0  0   0  0   0  0  0  0  0  0/0     7:28   0:00   0:00 
Chris Stewart            0  1  1   0  0   2  0  0  0  0  0/0    18:16   3:53   0:00 
Dion Phaneuf             0  1  1   0  2   0  2  0  0  0  0/0    22:37   5:17   2:53 
Dwight King              0  0  0   0  0   0  0  1  0  0  0/0    12:54   0:00   3:50 
Keith Aulie              0  0  0   1  2   0  3  1  0  0  0/0    15:58   0:00   1:14 
Kevin Bieksa             0  0  0  -1  0   0  0  3  0  0  0/0    20:46   3:15   2:36 
Marcus Foligno           1  0  1   0  0   4  1  0  0  0  3/3    17:06   4:39   0:00 
Marek Zidlicky           0  1  1   0  0   3  0  0  0  0  0/0    20:57   3:15   0:44 
Martin Hanzal            0  0  0   0  0   4  2  0  0  0  14/24  18:26   3:53   0:00 
Mike Richards            0  0  0   0  0   1  0  0  0  0  4/7     7:28   0:00   0:00 
Robyn Regehr             0  0  0   0  2   1  1  1  0  0  0/0    22:35   5:17   2:51 
Ryan OReilly             0  2  2   0  0   0  0  0  0  0  14/32  21:42   4:39   3:50 
Ryan Reaves              0  0  0   0  0   0  0  0  0  0  0/0     7:28   0:00   0:00 
Tom Wilson               0  0  0   0  0   2  2  0  0  0  0/0    12:34   0:00   3:30 
Trevor Lewis             0  0  0   0  0   0  0  0  0  0  8/13   12:34   0:00   3:30 
Zack Kassian             1  0  1   0  2   5  6  0  0  0  0/1    17:05   4:38   0:00 

3 Stars

1 - Peter Holland (MIN)
2 - Jason Pominville (MIN)
3 - Zack Kassian (CHI)

Power Play

Wild - 0 on 4 Attempt(s) - 0.00%
BlackHawks - 1 on 5 Attempt(s) - 20.00%

Penalty Kill

Wild - 4 on 5 Attempt(s) - 80.00% - Score 0 goal in Penalty Kill
BlackHawks - 4 on 4 Attempt(s) - 100.00% - Score 0 goal in Penalty Kill

Team Stat

Wild - Hits : 18 - Faceoff Wins : 38 - Blocked Shots : 7 - Penalty Minutes : 10
BlackHawks - Hits : 18 - Faceoff Wins : 43 - Blocked Shots : 9 - Penalty Minutes : 8

Official

Referees : Dean Morton and Kelly Sutherland
Linesman : Lonnie Cameron and Thor Nelson

Game Notes

No Game Note

Finance

Level 1 -- Attendance: 3793 (58.35%) -- Ticket Income $531,020
Level 2 -- Attendance: 3263 (65.26%) -- Ticket Income $358,930
Level 3 -- Attendance: 1957 (55.91%) -- Ticket Income $146,775
Level 4 -- Attendance: 2780 (74.79%) -- Ticket Income $111,200
Luxury Box -- Attendance: 709 (70.90%) -- Ticket Income $177,250
Game was played at the United Center.
Total Attendance: 12502 (63.41%)
Total Ticket Income: $1,325,175
Other Income: $198,776
Total Income: $1,523,951

% Time on Ice - Wild

Lines # - Real PCT - Wanted PCT - Time Play
Normal Forward
1 - 41% - 40% - 17:34
2 - 31% - 30% - 13:37
3 - 27% - 20% - 11:49
4 - 1% - 10% - 0:22
Normal Defense
1 - 41% - 40% - 17:56
2 - 30% - 30% - 13:08
3 - 19% - 20% - 8:03
4 - 10% - 10% - 4:15
PP Forward
1 - 58% - 60% - 4:16
2 - 42% - 40% - 3:04
PP Defense
1 - 51% - 60% - 3:44
2 - 49% - 40% - 3:36
PK Forward
1 - 77% - 60% - 6:32
2 - 23% - 40% - 2:00
PK Defense
1 - 48% - 60% - 4:05
2 - 52% - 40% - 4:27
PK3 Forward
1 - 0% - 60%
2 - 0% - 40%
PK3 Defense
1 - 0% - 60%
2 - 0% - 40%
44 Forward
1 - 100% - 60% - 0:36
2 - 0% - 40% - 0:00
44 Defense
1 - 100% - 60% - 0:36
2 - 0% - 40% - 0:00
Last Minute Offensive  - 0:10
Last Minute Defensive  - 0:00
Total
Forward - 60:00
Defense - 60:00

% Time on Ice - BlackHawks

Lines # - Real PCT - Wanted PCT - Time Play
Normal Forward
1 - 33% - 34% - 14:23
2 - 29% - 29% - 12:27
3 - 21% - 20% - 9:04
4 - 17% - 17% - 7:28
Normal Defense
1 - 32% - 37% - 13:42
2 - 34% - 34% - 14:55
3 - 29% - 29% - 12:42
4 - 5% - 0% - 2:03
PP Forward
1 - 46% - 55% - 3:53
2 - 54% - 45% - 4:39
PP Defense
1 - 62% - 60% - 5:17
2 - 38% - 40% - 3:15
PK Forward
1 - 52% - 55% - 3:50
2 - 48% - 45% - 3:30
PK Defense
1 - 65% - 55% - 4:44
2 - 35% - 45% - 2:36
PK3 Forward
1 - 0% - 50%
2 - 0% - 50%
PK3 Defense
1 - 0% - 55%
2 - 0% - 45%
44 Forward
1 - 100% - 55% - 0:36
2 - 0% - 45% - 0:00
44 Defense
1 - 100% - 55% - 0:36
2 - 0% - 45% - 0:00
Last Minute Offensive  - 0:00
Last Minute Defensive  - 0:10
Total
Forward - 60:00
Defense - 60:00

Play by Play

1st period


0:01 of 1st period - Jason Spezza wins face-off versus Martin Hanzal in neutral zone.
0:16 of 1st period - Minor Penalty to Dion Phaneuf for Holding.
0:17 of 1st period - Ryan OReilly wins face-off versus Jason Spezza in BlackHawks zone.
0:23 of 1st period - Icing by Fedor Tyutin.
0:24 of 1st period - Jason Spezza wins face-off versus Ryan OReilly in Wild zone.
1:35 of 1st period - Shot by Mark Streit.
1:35 of 1st period - Shot Blocked by Kevin Bieksa.
2:06 of 1st period - Icing by Zach Redmond.
2:07 of 1st period - Trevor Lewis wins face-off versus Jason Spezza in Wild zone.
2:50 of 1st period - Mike Richards is hit by Barret Jackman and loses puck.
3:25 of 1st period - Shot by Jason Pominville.
3:25 of 1st period - Stopped by Eddie Lack with a rebound.
3:30 of 1st period - Icing by Ryan OReilly.
3:31 of 1st period - Jason Spezza wins face-off versus Ryan OReilly in BlackHawks zone.
3:50 of 1st period - Ryan OReilly is hit by Erik Cole and loses puck.
4:22 of 1st period - Icing by Dion Phaneuf.
4:23 of 1st period - Ryan OReilly wins face-off versus Peter Holland in BlackHawks zone.
4:23 of 1st period - Ryan OReilly is hit by Dustin Brown.
4:28 of 1st period - Off-side.
4:29 of 1st period - Peter Holland wins face-off versus Martin Hanzal in neutral zone.
4:34 of 1st period - Shot by Jason Pominville.
4:34 of 1st period - Shot Blocked by Keith Aulie.
4:56 of 1st period - Shot by Jason Pominville.
4:56 of 1st period - Stopped by Eddie Lack with a rebound.
4:58 of 1st period - Shot by Peter Holland.
4:58 of 1st period - Goal by Peter Holland - Wild : 1 - BlackHawks : 0.
4:59 of 1st period - R.J. Umberger wins face-off versus Trevor Lewis in neutral zone.
4:59 of 1st period - R.J. Umberger is hit by Tom Wilson.
5:16 of 1st period - Icing by Dennis Wideman.
5:17 of 1st period - Mike Richards wins face-off versus R.J. Umberger in Wild zone.
5:17 of 1st period - Mike Richards is hit by Dennis Wideman.
6:25 of 1st period - Icing by Erik Cole.
6:26 of 1st period - Jason Spezza wins face-off versus Trevor Lewis in Wild zone.
6:26 of 1st period - Scott Hartnell is hit by Tom Wilson and loses puck.
7:00 of 1st period - Shot by Tom Wilson.
7:00 of 1st period - Shot Misses the Net.
7:31 of 1st period - Alex Galchenyuk is hit by Mark Streit and loses puck.
7:34 of 1st period - Shot by Martin Hanzal.
7:34 of 1st period - Shot Misses the Net.
7:36 of 1st period - Shot by Kevin Bieksa.
7:36 of 1st period - Shot Blocked by Jason Pominville.
7:38 of 1st period - Shot by Martin Hanzal.
7:38 of 1st period - Shot Blocked by Dennis Wideman.
7:46 of 1st period - Shot by Martin Hanzal.
7:46 of 1st period - Stopped by Ryan Miller without a rebound.
7:47 of 1st period - Ryan OReilly wins face-off versus R.J. Umberger in Wild zone.
8:00 of 1st period - Shot by Marcus Foligno.
8:00 of 1st period - Stopped by Ryan Miller without a rebound.
8:01 of 1st period - Peter Holland wins face-off versus Martin Hanzal in Wild zone.
8:41 of 1st period - Shot by Marek Zidlicky.
8:41 of 1st period - Stopped by Ryan Miller without a rebound.
8:42 of 1st period - Ryan OReilly wins face-off versus Rene Bourque in Wild zone.
8:45 of 1st period - Shot by Marcus Foligno.
8:45 of 1st period - Goal by Marcus Foligno - Wild : 1 - BlackHawks : 1.
8:46 of 1st period - Jason Spezza wins face-off versus Ryan OReilly in neutral zone.
9:56 of 1st period - Scott Hannan is hit by Dion Phaneuf and loses puck.
10:11 of 1st period - Shot by Alex Galchenyuk.
10:11 of 1st period - Stopped by Ryan Miller without a rebound.
10:12 of 1st period - Peter Holland wins face-off versus Trevor Lewis in Wild zone.
10:20 of 1st period - Icing by Marek Zidlicky.
10:21 of 1st period - Trevor Lewis wins face-off versus Peter Holland in BlackHawks zone.
10:23 of 1st period - Kevin Bieksa is hit by Dustin Brown and loses puck.
10:49 of 1st period - Tom Wilson is hit by Dustin Brown.
10:54 of 1st period - Minor Penalty to Fedor Tyutin for Hooking.
10:55 of 1st period - Martin Hanzal wins face-off versus R.J. Umberger in Wild zone.
11:34 of 1st period - Shot by Martin Hanzal.
11:34 of 1st period - Stopped by Ryan Miller without a rebound.
11:35 of 1st period - Trevor Smith wins face-off versus Ryan OReilly in Wild zone.
12:54 of 1st period - Shot by Martin Hanzal.
12:54 of 1st period - Shot Misses the Net.
14:01 of 1st period - Icing by Jason Spezza.
14:02 of 1st period - Jason Spezza wins face-off versus Mike Richards in Wild zone.
14:17 of 1st period - Shot by Dustin Brown.
14:17 of 1st period - Shot Misses the Net.
14:38 of 1st period - Shot by Dustin Brown.
14:38 of 1st period - Shot Misses the Net.
14:52 of 1st period - Shot by Peter Holland.
14:52 of 1st period - Stopped by Eddie Lack without a rebound.
14:53 of 1st period - Martin Hanzal wins face-off versus R.J. Umberger in BlackHawks zone.
16:22 of 1st period - Icing by Zack Kassian.
16:23 of 1st period - Jason Spezza wins face-off versus Ryan OReilly in BlackHawks zone.
16:29 of 1st period - Minor Penalty to Keith Aulie for Hooking.
16:30 of 1st period - Ryan OReilly wins face-off versus Jason Spezza in BlackHawks zone.
16:30 of 1st period - Ryan OReilly is hit by Scott Hartnell.
17:02 of 1st period - Shot by Mark Streit.
17:02 of 1st period - Stopped by Eddie Lack without a rebound.
17:03 of 1st period - Trevor Lewis wins face-off versus Peter Holland in BlackHawks zone.
18:11 of 1st period - Shot by Mark Streit.
18:11 of 1st period - Shot Misses the Net.
18:34 of 1st period - Scott Hartnell is hit by Keith Aulie and loses puck.
18:43 of 1st period - Shot by Chris Stewart.
18:43 of 1st period - Stopped by Ryan Miller with a rebound.
18:45 of 1st period - Shot by Alex Galchenyuk.
18:45 of 1st period - The goal is going for a video replay.
18:45 of 1st period - The goal is good.
18:45 of 1st period - Goal by Alex Galchenyuk - Wild : 1 - BlackHawks : 2.
18:46 of 1st period - Mike Richards wins face-off versus R.J. Umberger in neutral zone.
19:35 of 1st period - Scott Hartnell is hit by Keith Aulie and loses puck.
19:42 of 1st period - Shot by Scott Hartnell.
19:42 of 1st period - Stopped by Eddie Lack without a rebound.
19:43 of 1st period - Marcus Foligno wins face-off versus Dustin Brown in BlackHawks zone.
Goals for this period are 1 for Wild vs 2 for BlackHawks.
Shots for this period are 6 for Wild vs 8 for BlackHawks.

2nd period


0:01 of 2nd period - Martin Hanzal wins face-off versus Jason Spezza in neutral zone.
0:22 of 2nd period - Off-side.
0:23 of 2nd period - Peter Holland wins face-off versus Ryan OReilly in neutral zone.
0:40 of 2nd period - Shot by Peter Holland.
0:40 of 2nd period - Goal by Peter Holland - Wild : 2 - BlackHawks : 2.
0:41 of 2nd period - Martin Hanzal wins face-off versus Jason Spezza in neutral zone.
0:46 of 2nd period - Icing by Scott Hartnell.
0:47 of 2nd period - Martin Hanzal wins face-off versus Jason Spezza in Wild zone.
0:50 of 2nd period - Shot by Alex Galchenyuk.
0:50 of 2nd period - Shot Misses the Net.
1:01 of 2nd period - Icing by Dennis Wideman.
1:02 of 2nd period - Ryan OReilly wins face-off versus Jason Spezza in Wild zone.
1:07 of 2nd period - Shot by Zack Kassian.
1:07 of 2nd period - Stopped by Ryan Miller without a rebound.
1:08 of 2nd period - Peter Holland wins face-off versus Ryan OReilly in Wild zone.
1:10 of 2nd period - Jason Pominville is hit by Zack Kassian and loses puck.
1:17 of 2nd period - Shot by Marcus Foligno.
1:17 of 2nd period - Stopped by Ryan Miller without a rebound.
1:18 of 2nd period - Martin Hanzal wins face-off versus Jason Spezza in Wild zone.
1:44 of 2nd period - Icing by Marek Zidlicky.
1:45 of 2nd period - Martin Hanzal wins face-off versus Peter Holland in BlackHawks zone.
2:25 of 2nd period - Chris Stewart is hit by Dustin Brown and loses puck.
2:30 of 2nd period - Marek Zidlicky is hit by Peter Holland and loses puck.
2:48 of 2nd period - Icing by Dennis Wideman.
2:49 of 2nd period - Ryan OReilly wins face-off versus Jason Spezza in Wild zone.
2:54 of 2nd period - Shot by Zack Kassian.
2:54 of 2nd period - Shot Misses the Net.
3:06 of 2nd period - Shot by Jason Spezza.
3:06 of 2nd period - Shot Misses the Net.
3:08 of 2nd period - Shot by Mark Streit.
3:08 of 2nd period - Shot Misses the Net.
3:18 of 2nd period - Ryan OReilly is hit by Scott Hartnell and loses puck.
3:23 of 2nd period - Shot by Scott Hartnell.
3:23 of 2nd period - Deflect By Erik Cole.
3:23 of 2nd period - Shot Misses the Net.
3:29 of 2nd period - Shot by Scott Hartnell.
3:29 of 2nd period - Deflect By Erik Cole.
3:29 of 2nd period - Shot Misses the Net.
3:31 of 2nd period - Shot by Erik Cole.
3:31 of 2nd period - Stopped by Eddie Lack with a rebound.
3:49 of 2nd period - Shot by Tom Wilson.
3:49 of 2nd period - Stopped by Ryan Miller without a rebound.
3:50 of 2nd period - Trevor Lewis wins face-off versus Peter Holland in Wild zone.
4:13 of 2nd period - Icing by Dwight King.
4:14 of 2nd period - Trevor Lewis wins face-off versus R.J. Umberger in BlackHawks zone.
4:29 of 2nd period - Shot by Michael Ryder.
4:29 of 2nd period - Deflect By R.J. Umberger.
4:29 of 2nd period - Stopped by Eddie Lack with a rebound.
4:31 of 2nd period - Shot by Michael Ryder.
4:31 of 2nd period - Shot Blocked by Adam McQuaid.
4:33 of 2nd period - Shot by Scott Hannan.
4:33 of 2nd period - Stopped by Eddie Lack without a rebound.
4:34 of 2nd period - Martin Hanzal wins face-off versus Erik Cole in BlackHawks zone.
5:19 of 2nd period - Alex Galchenyuk is hit by Dennis Wideman and loses puck.
5:37 of 2nd period - Shot by Ryan OReilly.
5:37 of 2nd period - Shot Blocked by Mark Streit.
5:40 of 2nd period - Minor Penalty to Dennis Wideman for Cross-checking.
5:41 of 2nd period - R.J. Umberger wins face-off versus Ryan OReilly in Wild zone.
6:41 of 2nd period - Fedor Tyutin is hit by Zack Kassian and loses puck.
7:00 of 2nd period - Shot by Rene Bourque.
7:00 of 2nd period - Shot Misses the Net.
7:04 of 2nd period - Shot by Alex Biega.
7:04 of 2nd period - Stopped by Eddie Lack without a rebound.
7:05 of 2nd period - Trevor Smith wins face-off versus Martin Hanzal in BlackHawks zone.
7:30 of 2nd period - Shot by Alex Galchenyuk.
7:30 of 2nd period - Stopped by Ryan Miller without a rebound.
7:31 of 2nd period - Martin Hanzal wins face-off versus R.J. Umberger in Wild zone.
8:01 of 2nd period - Off-side.
8:02 of 2nd period - Mike Richards wins face-off versus Peter Holland in neutral zone.
9:16 of 2nd period - Shot by Scott Hartnell.
9:16 of 2nd period - Shot Misses the Net.
9:18 of 2nd period - Shot by Erik Cole.
9:18 of 2nd period - Shot Misses the Net.
9:41 of 2nd period - Minor Penalty to Rene Bourque for Roughing.
9:42 of 2nd period - R.J. Umberger wins face-off versus Ryan OReilly in Wild zone.
9:42 of 2nd period - R.J. Umberger is hit by Zack Kassian.
9:58 of 2nd period - Shot by Robyn Regehr.
9:58 of 2nd period - Shot Blocked by Fedor Tyutin.
10:21 of 2nd period - Shot by Zack Kassian.
10:21 of 2nd period - Stopped by Ryan Miller without a rebound.
10:22 of 2nd period - Martin Hanzal wins face-off versus R.J. Umberger in Wild zone.
10:47 of 2nd period - Shot by Kevin Bieksa.
10:47 of 2nd period - Deflect By Chris Stewart.
10:47 of 2nd period - Stopped by Ryan Miller without a rebound.
10:48 of 2nd period - Ryan OReilly wins face-off versus R.J. Umberger in Wild zone.
10:53 of 2nd period - Shot by Zack Kassian.
10:53 of 2nd period - Goal by Zack Kassian - Wild : 2 - BlackHawks : 3.
10:54 of 2nd period - Dustin Brown wins face-off versus Trevor Lewis in neutral zone.
11:04 of 2nd period - Icing by Adam McQuaid.
11:05 of 2nd period - Trevor Lewis wins face-off versus Jason Pominville in BlackHawks zone.
11:25 of 2nd period - Icing by Michael Stone.
11:26 of 2nd period - Peter Holland wins face-off versus Ryan OReilly in Wild zone.
12:50 of 2nd period - Shot by Scott Hartnell.
12:50 of 2nd period - Stopped by Eddie Lack without a rebound.
12:51 of 2nd period - Trevor Lewis wins face-off versus R.J. Umberger in BlackHawks zone.
13:00 of 2nd period - Shot by Michael Ryder.
13:00 of 2nd period - Shot Blocked by Adam McQuaid.
13:17 of 2nd period - Rene Bourque is hit by Keith Aulie and loses puck.
13:26 of 2nd period - Shot by R.J. Umberger.
13:26 of 2nd period - Stopped by Eddie Lack without a rebound.
13:27 of 2nd period - Erik Cole wins face-off versus Martin Hanzal in BlackHawks zone.
13:34 of 2nd period - Shot by Scott Hartnell.
13:34 of 2nd period - Shot Blocked by Kevin Bieksa.
13:45 of 2nd period - Alex Galchenyuk is hit by Dennis Wideman and loses puck.
13:48 of 2nd period - Shot by Alex Galchenyuk.
13:48 of 2nd period - Stopped by Ryan Miller with a rebound.
13:50 of 2nd period - Shot by Marek Zidlicky.
13:50 of 2nd period - Stopped by Ryan Miller with a rebound.
13:52 of 2nd period - Shot by Martin Hanzal.
13:52 of 2nd period - Stopped by Ryan Miller without a rebound.
13:53 of 2nd period - Peter Holland wins face-off versus Ryan OReilly in Wild zone.
13:53 of 2nd period - Peter Holland is hit by Zack Kassian.
13:56 of 2nd period - Minor Penalty to Michael Stone for Goalie Interference.
13:57 of 2nd period - Ryan OReilly wins face-off versus R.J. Umberger in Wild zone.
14:25 of 2nd period - Shot by Robyn Regehr.
14:25 of 2nd period - Shot Misses the Net.
14:27 of 2nd period - Shot by Robyn Regehr.
14:27 of 2nd period - Deflect By Ryan OReilly.
14:27 of 2nd period - Shot Misses the Net.
14:39 of 2nd period - Shot by Zack Kassian.
14:39 of 2nd period - Shot Misses the Net.
14:41 of 2nd period - Shot by Robyn Regehr.
14:41 of 2nd period - Stopped by Ryan Miller without a rebound.
14:42 of 2nd period - Trevor Smith wins face-off versus Martin Hanzal in Wild zone.
15:17 of 2nd period - Shot by Marek Zidlicky.
15:17 of 2nd period - Stopped by Ryan Miller without a rebound.
15:18 of 2nd period - R.J. Umberger wins face-off versus Ryan OReilly in Wild zone.
15:18 of 2nd period - R.J. Umberger is hit by Marcus Foligno.
15:19 of 2nd period - Minor Penalty to Zack Kassian for Slashing.
15:20 of 2nd period - Jason Spezza wins face-off versus Ryan OReilly in BlackHawks zone.
15:20 of 2nd period - Jason Spezza is hit by Dion Phaneuf.
16:00 of 2nd period - Shot by Fedor Tyutin.
16:00 of 2nd period - Shot Misses the Net.
16:02 of 2nd period - Shot by Fedor Tyutin.
16:02 of 2nd period - Stopped by Eddie Lack with a rebound.
16:04 of 2nd period - Shot by Scott Hartnell.
16:04 of 2nd period - Shot Misses the Net.
16:06 of 2nd period - Shot by Fedor Tyutin.
16:06 of 2nd period - Shot Blocked by Adam McQuaid.
16:08 of 2nd period - Shot by Scott Hartnell.
16:08 of 2nd period - Stopped by Eddie Lack without a rebound.
16:09 of 2nd period - Peter Holland wins face-off versus Trevor Lewis in BlackHawks zone.
16:23 of 2nd period - Shot by Fedor Tyutin.
16:23 of 2nd period - Deflect By Peter Holland.
16:23 of 2nd period - Stopped by Eddie Lack without a rebound.
16:24 of 2nd period - Ryan OReilly wins face-off versus Jason Spezza in BlackHawks zone.
16:55 of 2nd period - Shot by Mark Streit.
16:55 of 2nd period - Stopped by Eddie Lack without a rebound.
16:56 of 2nd period - Peter Holland wins face-off versus Ryan OReilly in BlackHawks zone.
16:59 of 2nd period - Shot by Peter Holland.
16:59 of 2nd period - Shot Blocked by Dwight King.
17:14 of 2nd period - Icing by Erik Cole.
17:15 of 2nd period - Peter Holland wins face-off versus Ryan OReilly in Wild zone.
17:26 of 2nd period - Shot by Alex Galchenyuk.
17:26 of 2nd period - Shot Blocked by Barret Jackman.
17:28 of 2nd period - Shot by Chris Stewart.
17:28 of 2nd period - Shot Misses the Net.
18:18 of 2nd period - Barret Jackman is hit by Zack Kassian and loses puck.
19:47 of 2nd period - Shot by Mike Richards.
19:47 of 2nd period - Shot Blocked by Dennis Wideman.
19:49 of 2nd period - Shot by Ryan Reaves.
19:49 of 2nd period - Shot Misses the Net.
19:51 of 2nd period - Shot by Brandon Bollig.
19:51 of 2nd period - Shot Misses the Net.
Goals for this period are 1 for Wild vs 1 for BlackHawks.
Shots for this period are 11 for Wild vs 12 for BlackHawks.

3rd period


0:01 of 3rd period - Marcus Foligno wins face-off versus Jason Spezza in neutral zone.
0:13 of 3rd period - Shot by Scott Hartnell.
0:13 of 3rd period - Stopped by Eddie Lack without a rebound.
0:14 of 3rd period - Martin Hanzal wins face-off versus Peter Holland in BlackHawks zone.
0:23 of 3rd period - Shot by Alex Galchenyuk.
0:23 of 3rd period - Shot Misses the Net.
0:31 of 3rd period - Shot by Jason Pominville.
0:31 of 3rd period - Shot Misses the Net.
2:00 of 3rd period - Scott Hartnell is hit by Zack Kassian and loses puck.
2:30 of 3rd period - Shot by Rene Bourque.
2:30 of 3rd period - Stopped by Eddie Lack without a rebound.
2:31 of 3rd period - Mike Richards wins face-off versus Rene Bourque in BlackHawks zone.
2:44 of 3rd period - Shot by Mike Richards.
2:44 of 3rd period - Stopped by Ryan Miller with a rebound.
3:52 of 3rd period - Jason Pominville is hit by Robyn Regehr and loses puck.
4:06 of 3rd period - Off-side.
4:07 of 3rd period - Jason Spezza wins face-off versus Ryan OReilly in neutral zone.
4:18 of 3rd period - Shot by Jason Spezza.
4:18 of 3rd period - Deflect By Erik Cole.
4:18 of 3rd period - Shot Misses the Net.
4:20 of 3rd period - Shot by Jason Spezza.
4:20 of 3rd period - Shot Misses the Net.
4:22 of 3rd period - Shot by Scott Hartnell.
4:22 of 3rd period - Stopped by Eddie Lack without a rebound.
4:23 of 3rd period - Martin Hanzal wins face-off versus R.J. Umberger in BlackHawks zone.
4:53 of 3rd period - Shot by Alex Galchenyuk.
4:53 of 3rd period - Stopped by Ryan Miller with a rebound.
4:55 of 3rd period - Shot by Kevin Bieksa.
4:55 of 3rd period - Shot Blocked by Michael Stone.
4:57 of 3rd period - Shot by Marek Zidlicky.
4:57 of 3rd period - Shot Misses the Net.
5:29 of 3rd period - Marcus Foligno is hit by R.J. Umberger and loses puck.
6:12 of 3rd period - Shot by Tom Wilson.
6:12 of 3rd period - Stopped by Ryan Miller without a rebound.
6:13 of 3rd period - Jason Spezza wins face-off versus Mike Richards in Wild zone.
6:35 of 3rd period - Shot by Scott Hartnell.
6:35 of 3rd period - Shot Blocked by Robyn Regehr.
6:47 of 3rd period - Shot by Jason Spezza.
6:47 of 3rd period - Stopped by Eddie Lack without a rebound.
6:48 of 3rd period - Peter Holland wins face-off versus Martin Hanzal in BlackHawks zone.
7:43 of 3rd period - Martin Hanzal is hit by Erik Cole and loses puck.
9:12 of 3rd period - Shot by R.J. Umberger.
9:12 of 3rd period - Stopped by Eddie Lack with a rebound.
11:02 of 3rd period - Icing by Kevin Bieksa.
11:03 of 3rd period - Erik Cole wins face-off versus Mike Richards in BlackHawks zone.
11:04 of 3rd period - Shot by Scott Hartnell.
11:04 of 3rd period - Shot Blocked by Kevin Bieksa.
11:28 of 3rd period - Shot by Scott Hartnell.
11:28 of 3rd period - Stopped by Eddie Lack with a rebound.
11:48 of 3rd period - Shot by Martin Hanzal.
11:48 of 3rd period - Stopped by Ryan Miller without a rebound.
11:49 of 3rd period - Marcus Foligno wins face-off versus R.J. Umberger in Wild zone.
11:49 of 3rd period - Marcus Foligno is hit by Dennis Wideman.
12:02 of 3rd period - Minor Penalty to Rene Bourque for Roughing.
12:03 of 3rd period - Ryan OReilly wins face-off versus R.J. Umberger in Wild zone.
12:06 of 3rd period - Shot by Zack Kassian.
12:06 of 3rd period - Stopped by Ryan Miller without a rebound.
12:07 of 3rd period - Martin Hanzal wins face-off versus R.J. Umberger in Wild zone.
13:25 of 3rd period - Shot by Marcus Foligno.
13:25 of 3rd period - Stopped by Ryan Miller without a rebound.
13:26 of 3rd period - R.J. Umberger wins face-off versus Martin Hanzal in Wild zone.
13:26 of 3rd period - R.J. Umberger is hit by Martin Hanzal.
14:34 of 3rd period - Mark Streit is hit by Adam McQuaid and loses puck.
14:46 of 3rd period - Icing by Keith Aulie.
14:47 of 3rd period - Trevor Lewis wins face-off versus Peter Holland in BlackHawks zone.
15:02 of 3rd period - Icing by Zach Redmond.
15:03 of 3rd period - Ryan OReilly wins face-off versus Peter Holland in Wild zone.
15:03 of 3rd period - Ryan OReilly is hit by Alex Biega.
15:05 of 3rd period - Shot by Zack Kassian.
15:05 of 3rd period - Stopped by Ryan Miller without a rebound.
15:06 of 3rd period - R.J. Umberger wins face-off versus Zack Kassian in Wild zone.
15:35 of 3rd period - Icing by Ryan OReilly.
15:36 of 3rd period - Ryan OReilly wins face-off versus Peter Holland in BlackHawks zone.
16:01 of 3rd period - Shot by Jason Pominville.
16:01 of 3rd period - Stopped by Eddie Lack without a rebound.
16:02 of 3rd period - Jason Spezza wins face-off versus Alex Galchenyuk in BlackHawks zone.
16:07 of 3rd period - Shot by Erik Cole.
16:07 of 3rd period - Stopped by Eddie Lack without a rebound.
16:08 of 3rd period - Jason Spezza wins face-off versus Martin Hanzal in BlackHawks zone.
16:09 of 3rd period - Shot by Scott Hartnell.
16:09 of 3rd period - Stopped by Eddie Lack without a rebound.
16:10 of 3rd period - Martin Hanzal wins face-off versus Jason Spezza in BlackHawks zone.
16:24 of 3rd period - Icing by Scott Hartnell.
16:25 of 3rd period - Ryan OReilly wins face-off versus Jason Spezza in Wild zone.
16:25 of 3rd period - Ryan OReilly is hit by Mark Streit.
17:25 of 3rd period - Icing by Michael Stone.
17:26 of 3rd period - Peter Holland wins face-off versus Martin Hanzal in Wild zone.
17:26 of 3rd period - Peter Holland is hit by Martin Hanzal.
17:50 of 3rd period - Minor Penalty to Robyn Regehr for Cross-checking.
17:51 of 3rd period - Jason Spezza wins face-off versus Ryan OReilly in BlackHawks zone.
19:01 of 3rd period - Wild, Ryan Miller is pulled from the net.
19:07 of 3rd period - Shot by Peter Holland.
19:07 of 3rd period - Shot Misses the Net.
19:27 of 3rd period - Shot by Scott Hartnell.
19:27 of 3rd period - Stopped by Eddie Lack with a rebound.
19:46 of 3rd period - Icing by Dennis Wideman.
19:47 of 3rd period - Ryan Miller from Wild was sent back in the game.
19:47 of 3rd period - Jason Spezza wins face-off versus Ryan OReilly in Wild zone.
19:59 of 3rd period - Shot by Ryan OReilly.
19:59 of 3rd period - Deflect By Martin Hanzal.
19:59 of 3rd period - Shot Misses the Net.
Goals for this period are 0 for Wild vs 0 for BlackHawks.
Shots for this period are 10 for Wild vs 7 for BlackHawks.